| TOP OF THE 1ST |
|
Bowling Green Hot Rods batting - Pitching for Beloit Snappers : RHP Corbin Schenn
|
|
Pitching: RHP Corbin Schenn
|
|
|
Batting: RHB Chris Thorson
|
0-0: Ground out 6-3 (Groundball, 6MS, EV 64.4 MPH)
|
|
Batting: LHB Harris Vink
|
0-0: SINGLE (Flyball, 34D, EV 88.8 MPH)
|
|
Batting: LHB Darryl Gonnella
|
0-0: Fielders Choice at 2nd, 4-6 (Groundball, 4, EV 90.0 MPH)
|
|
Batting: RHB Sesto Carpini
|
0-0: Called Strike 0-1: Ball 1-1: Ball 2-1: Ball 3-1: Fly out, F1 (Line Drive, P, EV 73.8 MPH)
|
| Top of the 1st over - 0 runs, 1 hit, 0 errors, 1 left on base; Bowling Green 0 - Beloit 0 |
| BOTTOM OF THE 1ST |
|
Beloit Snappers batting - Pitching for Bowling Green Hot Rods : LHP Frank Rodriguez
|
|
Pitching: LHP Frank Rodriguez
|
|
|
Batting: SHB Robert Santiago
|
0-0: Ground out 5-3 (Groundball, 56S, EV 88.8 MPH)
|
|
Batting: RHB Josh Whaley
|
0-0: Called Strike 0-1: Ball 1-1: Foul Ball, location: 2F 1-2: Ball 2-2: Strikes out swinging
|
|
Batting: RHB Todd Vanasco
|
0-0: Called Strike 0-1: Ball 1-1: Ball 2-1: Ball 3-1: Base on Balls
|
|
Batting: RHB Casey Nicita
|
0-0: Ball 1-0: DOUBLE (Groundball, 5L, EV 105.6 MPH) Todd Vanasco to third Runner from 3rd tries for Home, SAFE, throw by LF to trailing runner, SAFE at third!
|
|
Batting: LHB Angel Sanchez
|
0-0: Called Strike 0-1: Called Strike 0-2: Strikes out swinging
|
| Bottom of the 1st over - 1 run, 1 hit, 0 errors, 1 left on base; Bowling Green 0 - Beloit 1 |
| TOP OF THE 2ND |
|
Bowling Green Hot Rods batting - Pitching for Beloit Snappers : RHP Corbin Schenn
|
|
Batting: RHB Azedine Kirui
|
0-0: Ball 1-0: Swinging Strike 1-1: Ball 2-1: Called Strike 2-2: Ball 3-2: Strikes out looking
|
|
Batting: RHB Jose Arriola
|
0-0: Fly out, F6 (Popup, 6S, EV 68.8 MPH)
|
|
Batting: RHB Dan Marks
|
0-0: Ball 1-0: Ball 2-0: Ground out 5-3 (Groundball, 56, EV 86.2 MPH)
|
| Top of the 2nd over - 0 runs, 0 hits, 0 errors, 0 left on base; Bowling Green 0 - Beloit 1 |
| BOTTOM OF THE 2ND |
|
Beloit Snappers batting - Pitching for Bowling Green Hot Rods : LHP Frank Rodriguez
|
|
Batting: LHB Henry Hutson
|
0-0: Ball 1-0: Ball 2-0: Foul Ball, location: 2F 2-1: SOLO HOME RUN (Flyball, 9LD, EV 92.5 MPH), Distance : 331 ft
|
|
Batting: LHB Larry Prey
|
0-0: Foul Ball, location: 2F 0-1: Ground out 4-3 (Groundball, 34, EV 85.0 MPH)
|
|
Batting: RHB Larry Clark
|
0-0: Called Strike 0-1: Swinging Strike 0-2: Foul Ball, location: 2F 0-2: Ground out 6-3 (Groundball, 6, EV 94.4 MPH)
|
|
Batting: SHB Mike Jorgenson
|
0-0: Called Strike 0-1: Called Strike 0-2: Ball 1-2: Strikes out swinging
|
| Bottom of the 2nd over - 1 run, 1 hit, 0 errors, 0 left on base; Bowling Green 0 - Beloit 2 |
| TOP OF THE 3RD |
|
Bowling Green Hot Rods batting - Pitching for Beloit Snappers : RHP Corbin Schenn
|
|
Batting: RHB Kunizo Yanagisawa
|
0-0: Called Strike 0-1: Ball 1-1: Ball 2-1: Ground out 4-3 (Groundball, 4M, EV 90.6 MPH)
|
|
Batting: RHB Eric Waugaman
|
0-0: Ball 1-0: Foul Ball, location: 2F 1-1: Ball 2-1: Foul Ball, location: 2F 2-2: Ball 3-2: Strikes out swinging
|
|
Batting: RHB Chris Thorson
|
0-0: Swinging Strike 0-1: Ball 1-1: Ball 2-1: DOUBLE (Groundball, 5L, EV 96.2 MPH)
|
|
Batting: LHB Harris Vink
|
0-0: Ball 1-0: SINGLE (Groundball, 4MD, EV 98.1 MPH) Chris Thorson to third Runner from 3rd tries for Home, throw by CF and OUT! 8-2
|
| Top of the 3rd over - 0 runs, 2 hits, 0 errors, 1 left on base; Bowling Green 0 - Beloit 2 |
| BOTTOM OF THE 3RD |
|
Beloit Snappers batting - Pitching for Bowling Green Hot Rods : LHP Frank Rodriguez
|
|
Batting: SHB Robert Santiago
|
0-0: Ball 1-0: Ball 2-0: Called Strike 2-1: Foul Ball, location: 2F 2-2: Strikes out swinging
|
|
Batting: RHB Josh Whaley
|
0-0: Ball 1-0: Ball 2-0: Ball 3-0: Base on Balls
|
|
Batting: RHB Todd Vanasco
|
0-0: Called Strike 0-1: Ball 1-1: Called Strike 1-2: Foul Ball, location: 2F 1-2: Foul Ball, location: 2F 1-2: Ball 2-2: Strikes out looking
|
|
Batting: RHB Casey Nicita
|
0-0: Ball Wild Pitch! Josh Whaley to second 1-0: Swinging Strike 1-1: Ground out 5-3 (Groundball, 5S, EV 86.9 MPH)
|
| Bottom of the 3rd over - 0 runs, 0 hits, 0 errors, 1 left on base; Bowling Green 0 - Beloit 2 |
| TOP OF THE 4TH |
|
Bowling Green Hot Rods batting - Pitching for Beloit Snappers : RHP Corbin Schenn
|
|
Batting: LHB Darryl Gonnella
|
0-0: Ball 1-0: Swinging Strike 1-1: Ball 2-1: Foul Ball, location: 2F 2-2: Strikes out looking
|
|
Batting: RHB Sesto Carpini
|
0-0: Called Strike 0-1: Called Strike 0-2: Ball 1-2: Strikes out swinging
|
|
Batting: RHB Azedine Kirui
|
0-0: Called Strike 0-1: Called Strike 0-2: Fly out, F8 (Flyball, 8RM, EV 81.9 MPH)
|
| Top of the 4th over - 0 runs, 0 hits, 0 errors, 0 left on base; Bowling Green 0 - Beloit 2 |
| BOTTOM OF THE 4TH |
|
Beloit Snappers batting - Pitching for Bowling Green Hot Rods : LHP Frank Rodriguez
|
|
Batting: LHB Angel Sanchez
|
0-0: Ball 1-0: Called Strike 1-1: Ball 2-1: Swinging Strike 2-2: Strikes out swinging
|
|
Batting: LHB Henry Hutson
|
0-0: Ball 1-0: Ball 2-0: Ball 3-0: Called Strike 3-1: Foul Ball, location: 2F 3-2: Strikes out swinging
|
|
Batting: LHB Larry Prey
|
0-0: Foul Ball, location: 2F 0-1: Ball 1-1: Foul Ball, location: 2F 1-2: Foul Ball, location: 2F 1-2: Ground out 4-3 (Groundball, 4, EV 103.1 MPH)
|
| Bottom of the 4th over - 0 runs, 0 hits, 0 errors, 0 left on base; Bowling Green 0 - Beloit 2 |
| TOP OF THE 5TH |
|
Bowling Green Hot Rods batting - Pitching for Beloit Snappers : RHP Corbin Schenn
|
|
Batting: RHB Jose Arriola
|
0-0: Ball 1-0: Ball 2-0: Swinging Strike 2-1: Ground out 4-3 (Groundball, 4, EV 85.6 MPH)
|
|
Batting: RHB Dan Marks
|
0-0: Ball 1-0: Fly out, F8 (Flyball, 8RXD, EV 89.4 MPH)
|
|
Batting: RHB Kunizo Yanagisawa
|
0-0: Ball 1-0: Foul Ball, location: 2F 1-1: Fly out, F8 (Flyball, 8RD, EV 105.6 MPH)
|
| Top of the 5th over - 0 runs, 0 hits, 0 errors, 0 left on base; Bowling Green 0 - Beloit 2 |
| BOTTOM OF THE 5TH |
|
Beloit Snappers batting - Pitching for Bowling Green Hot Rods : LHP Frank Rodriguez
|
|
Batting: RHB Larry Clark
|
0-0: Called Strike 0-1: Ball 1-1: Foul Ball, location: 2F 1-2: Ground out 4-3 (Groundball, 4, EV 93.1 MPH)
|
|
Batting: SHB Mike Jorgenson
|
0-0: Ball 1-0: Ball 2-0: Ground out 6-3 (Groundball, 6S, EV 88.1 MPH)
|
|
Batting: SHB Robert Santiago
|
0-0: Called Strike 0-1: Called Strike 0-2: Fly out, F8 (Line Drive, 8LM, EV 96.9 MPH)
|
| Bottom of the 5th over - 0 runs, 0 hits, 0 errors, 0 left on base; Bowling Green 0 - Beloit 2 |
| TOP OF THE 6TH |
|
Bowling Green Hot Rods batting - Pitching for Beloit Snappers : RHP Corbin Schenn
|
|
Batting: RHB Eric Waugaman
|
0-0: Called Strike 0-1: Ball 1-1: Ball 2-1: Ground out U3 (Groundball, 34S, EV 90.0 MPH)
|
|
Batting: RHB Chris Thorson
|
0-0: Ball 1-0: Ground out 4-3 (Groundball, 4, EV 77.5 MPH)
|
|
Batting: LHB Harris Vink
|
0-0: Called Strike 0-1: Ground out 6-3 (Groundball, P, EV 88.8 MPH)
|
| Top of the 6th over - 0 runs, 0 hits, 0 errors, 0 left on base; Bowling Green 0 - Beloit 2 |
| BOTTOM OF THE 6TH |
|
Beloit Snappers batting - Pitching for Bowling Green Hot Rods : LHP Frank Rodriguez
|
|
Batting: RHB Josh Whaley
|
0-0: Called Strike 0-1: Called Strike 0-2: Foul Ball, location: 2F 0-2: Ball 1-2: Strikes out swinging
|
|
Batting: RHB Todd Vanasco
|
0-0: Swinging Strike 0-1: Called Strike 0-2: Ball 1-2: Ball 2-2: Foul Ball, location: 2F 2-2: Strikes out swinging
|
|
Batting: RHB Casey Nicita
|
0-0: Swinging Strike 0-1: Swinging Strike 0-2: Foul Ball, location: 2F 0-2: Strikes out swinging
|
| Bottom of the 6th over - 0 runs, 0 hits, 0 errors, 0 left on base; Bowling Green 0 - Beloit 2 |
| TOP OF THE 7TH |
|
Bowling Green Hot Rods batting - Pitching for Beloit Snappers : RHP Corbin Schenn
|
|
Batting: LHB Darryl Gonnella
|
0-0: Ball 1-0: DOUBLE (Groundball, 3L, EV 101.2 MPH)
|
|
Batting: RHB Sesto Carpini
|
0-0: Called Strike 0-1: Foul Ball, location: 2F 0-2: Ball 1-2: Foul Ball, location: 2F 1-2: Ball 2-2: Ball Passed Ball! Darryl Gonnella to third 3-2: DOUBLE (Line Drive, 7LM, EV 112.5 MPH) Darryl Gonnella scores
|
|
Batting: RHB Azedine Kirui
|
0-0: Called Strike 0-1: Foul Ball, location: 2F 0-2: Ball 1-2: DOUBLE (Line Drive, 78D, EV 105.6 MPH) Sesto Carpini scores
|
|
Pitching: LHP Jimmy Ford
|
|
|
Batting: RHB Jose Arriola
|
0-0: Called Strike 0-1: Foul Ball, location: 2F 0-2: Fly out, F8 (Line Drive, 8LM, EV 95.0 MPH)
|
|
Batting: RHB Dan Marks
|
0-0: Intentional Walk
|
|
Pinch Runner at 2nd Dusty Camelli:
|
|
|
Batting: RHB Kunizo Yanagisawa
|
0-0: Called Strike 0-1: Ball 1-1: SINGLE (Flyball, 34D, EV 89.4 MPH) Dusty Camelli to third Dan Marks to second
|
|
Batting: RHB Eric Waugaman
|
0-0: Ball 1-0: Ball 2-0: Called Strike 2-1: Grounds into fielders choice 3-2 (Groundball, 3, EV 85.0 MPH) Dan Marks to third Kunizo Yanagisawa to second
|
|
Batting: RHB Chris Thorson
|
0-0: Reached on error, E3 (Groundball, 34, EV 90.0 MPH) Dan Marks scores Kunizo Yanagisawa to third Eric Waugaman to second
|
|
Batting: LHB Harris Vink
|
0-0: Fly out, F6 (Line Drive, 4MD, EV 71.2 MPH)
|
| Top of the 7th over - 3 runs, 4 hits, 1 error, 3 left on base; Bowling Green 3 - Beloit 2 |
| BOTTOM OF THE 7TH |
|
Beloit Snappers batting - Pitching for Bowling Green Hot Rods : LHP Frank Rodriguez
|
|
Batting: LHB Angel Sanchez
|
0-0: Ball 1-0: Ball 2-0: Ball 3-0: Called Strike 3-1: Called Strike 3-2: Foul Ball, location: 2F 3-2: Strikes out looking
|
|
Batting: LHB Henry Hutson
|
0-0: Ball 1-0: Ball 2-0: Ground out 4-3 (Groundball, 4D, EV 101.9 MPH)
|
|
Batting: LHB Larry Prey
|
0-0: Ball 1-0: SINGLE (Groundball, 4MD, EV 110.6 MPH)
|
|
Batting: RHB Larry Clark
|
0-0: Ball Larry Prey is caught stealing 2nd base 2-4
|
| Bottom of the 7th over - 0 runs, 1 hit, 0 errors, 0 left on base; Bowling Green 3 - Beloit 2 |
| TOP OF THE 8TH |
|
Bowling Green Hot Rods batting - Pitching for Beloit Snappers : LHP Jimmy Ford
|
|
Batting: LHB Darryl Gonnella
|
0-0: Ball 1-0: Foul Ball, location: 2F 1-1: Foul Ball, location: 2F 1-2: Foul Ball, location: 2F 1-2: Foul Ball, location: 2F 1-2: Foul Ball, location: 2F 1-2: Ball 2-2: Foul Ball, location: 2F 2-2: Foul Ball, location: 2F 2-2: Ball 3-2: Foul Ball, location: 2F 3-2: Ground out 4-3 (Groundball, 4, EV 101.9 MPH)
|
|
Batting: RHB Sesto Carpini
|
0-0: Called Strike 0-1: SINGLE (Flyball, 89S, EV 88.8 MPH)
|
|
Batting: RHB Dusty Camelli
|
0-0: Ball Pickoff Throw to First - Out! 1-3 CS 1-0: Ball 2-0: Foul Ball, location: 2F 2-1: Foul Ball, location: 2F 2-2: Foul Ball, location: 2F 2-2: Foul Ball, location: 2F 2-2: Ball 3-2: Base on Balls
|
|
Batting: RHB Jose Arriola
|
0-0: Ball 1-0: SINGLE (Line Drive, 6M, EV 105.6 MPH) Dusty Camelli to second
|
|
Batting: RHB Dan Marks
|
0-0: Ball Wild Pitch! Dusty Camelli to third Jose Arriola to second 1-0: Intentional Walk
|
|
Batting: RHB Kunizo Yanagisawa
|
0-0: Called Strike 0-1: Ball 1-1: Foul Ball, location: 2F 1-2: Strikes out swinging
|
| Top of the 8th over - 0 runs, 2 hits, 0 errors, 3 left on base; Bowling Green 3 - Beloit 2 |
| BOTTOM OF THE 8TH |
|
Beloit Snappers batting - Pitching for Bowling Green Hot Rods : LHP Frank Rodriguez
|
|
Now in LF: Harris Vink
|
|
|
Now in CF: Isaiah Easter
|
|
|
Batting: RHB Larry Clark
|
0-0: Foul Ball, location: 2F 0-1: Ground out 6-3 (Groundball, 56S, EV 85.0 MPH)
|
|
Pitching: RHP Nate Russano
|
|
|
Batting: SHB Mike Jorgenson
|
0-0: Foul Ball, location: 2F 0-1: Foul Ball, location: 2F 0-2: Ball 1-2: Ball 2-2: Ball 3-2: Strikes out swinging
|
|
Batting: SHB Robert Santiago
|
0-0: Called Strike 0-1: Called Strike 0-2: Strikes out swinging, 2-3 out at first.
|
| Bottom of the 8th over - 0 runs, 0 hits, 0 errors, 0 left on base; Bowling Green 3 - Beloit 2 |
| TOP OF THE 9TH |
|
Bowling Green Hot Rods batting - Pitching for Beloit Snappers : LHP Jimmy Ford
|
|
Pitching: RHP C.J. Ledger
|
|
|
Batting: RHB Eric Waugaman
|
0-0: Ball 1-0: Foul Ball, location: 2F 1-1: Ball 2-1: Foul Ball, location: 2F 2-2: Foul Ball, location: 2F 2-2: Foul Ball, location: 2F 2-2: Ball 3-2: SINGLE (Line Drive, 3D, EV 95.6 MPH)
|
|
Batting: RHB Chris Thorson
|
0-0: Bunted foul 0-1: Ball 1-1: Ball 2-1: Bunted foul 2-2: Foul Ball, location: 2F 2-2: Foul Ball, location: 2F 2-2: Ground out 5-3 (Groundball, 56S, EV 75.0 MPH) Eric Waugaman to second
|
|
Batting: LHB Harris Vink
|
0-0: Intentional Walk
|
|
Batting: RHB Isaiah Easter
|
0-0: Called Strike 0-1: Called Strike 0-2: Strikes out swinging
|
|
Batting: RHB Sesto Carpini
|
0-0: Ground out U3 (Groundball, 3, EV 87.5 MPH)
|
| Top of the 9th over - 0 runs, 1 hit, 0 errors, 2 left on base; Bowling Green 3 - Beloit 2 |
| BOTTOM OF THE 9TH |
|
Beloit Snappers batting - Pitching for Bowling Green Hot Rods : RHP Nate Russano
|
|
Pitching: RHP Cody Wilharm
|
|
|
Pinch Hitting: SHB John Cummings
|
0-0: Called Strike 0-1: Ball 1-1: Called Strike 1-2: Foul Ball, location: 2F 1-2: Ball 2-2: Fly out, F8 (Flyball, 78D, EV 93.1 MPH)
|
|
Batting: RHB Todd Vanasco
|
0-0: Called Strike 0-1: Swinging Strike 0-2: Ball 1-2: Ground out 6-3 (Groundball, 56S, EV 87.5 MPH)
|
|
Batting: RHB Casey Nicita
|
0-0: Called Strike 0-1: Ball 1-1: Ball 2-1: Ball 3-1: Called Strike 3-2: Foul Ball, location: 2F 3-2: Strikes out swinging, 2-3 out at first.
|
| Bottom of the 9th over - 0 runs, 0 hits, 0 errors, 0 left on base; Bowling Green 3 - Beloit 2 |
|